 Dungeon Crawl Stone Soup version 0.13.1-27-ga479965 (console) character file.

5221 RegenMR the Gouger (level 10, 0/45 HPs)
             Began as a Felid Abyssal Knight on Feb 11, 2014.
             Was an Elder of Lugonu.
             Slain by a black mamba (11 damage)
             ... on Level 3 of the Lair of Beasts.
             The game lasted 01:50:07 (13726 turns).

RegenMR the Gouger (Felid Abyssal Knight)          Turns: 13726, Time: 01:50:07

HP   0/45        AC  2     Str 13      XL: 10   Next: 18%
MP  19/20        EV 25     Int 15      God: Lugonu [****..]
Gold 643         SH  0     Dex 20      Spells:  3 memorised,  8 levels left
Lives: 0, deaths: 3

Res.Fire  : . . .   See Invis. : +     - Unarmed
Res.Cold  : . . .   Warding    : .   (armour unavailable)
Life Prot.: . . .   Conserve   : .   (shield unavailable)
Res.Poison: .       Res.Corr.  : .   (helmet unavailable)
Res.Elec. : .       Clarity    : .   (cloak unavailable)
Sust.Abil.: . .     Spirit.Shd : .   (gloves unavailable)
Res.Mut.  : .       Stasis     : .   (boots unavailable)
Res.Rott. : .       Flight     : .   B - amulet of faith
Saprovore : . . .                    n - +2 ring of dexterity
                                     v - ring of protection from magic

@: mighty, very quick, very resistant to hostile enchantments, quite stealthy
A: paw claws, no armour, no advanced items, antennae 1, fangs 3, see invisible,
carnivore 3, deterioration 1, speed 1, -10% mp, slow metabolism 1, AC +2
a: Depart the Abyss, Bend Space, Banish, Corrupt, Renounce Religion


You were on level 3 of the Lair of Beasts.
You worshipped Lugonu.
Lugonu was greatly pleased with you.
You were not hungry.

You visited 3 branches of the dungeon, and saw 16 of its levels.
You visited the Abyss 1 time.
You also visited: Labyrinth.

You collected 623 gold pieces.

Inventory:

Comestibles
 c - 2 meat rations
 h - a royal jelly
Scrolls
 a - 4 scrolls of remove curse
 b - 2 scrolls of curse jewellery {unknown}
 d - 3 scrolls of recharging {unknown}
 f - a scroll of fear {unknown}
 g - 3 scrolls of enchant weapon II {unknown}
 j - 7 scrolls of teleportation {unknown}
 k - a scroll of magic mapping {unknown}
 l - a scroll of curse weapon {unknown}
 o - 3 scrolls of immolation
 p - a scroll of fog {unknown}
 t - a scroll of amnesia {unknown}
 u - 2 scrolls of enchant armour {unknown}
 y - a scroll of silence {unknown}
 z - a scroll of enchant weapon III {unknown}
 A - a scroll of noise {unknown}
 F - a scroll of blinking {unknown}
 H - a scroll of curse armour
 I - 2 scrolls of identify
Jewellery
 n - a +2 ring of dexterity (right paw)
 s - a cursed ring of magical power
 v - a ring of protection from magic (left paw)
 B - an amulet of faith (around neck)
 G - an uncursed ring of fire
Potions
 e - 2 potions of magic
 m - 2 potions of flight
 q - 2 potions of restore abilities
 r - a potion of brilliance
 w - 2 potions of curing
 C - a potion of cure mutation
Books
 i - a book of Ice

   Spells                             Type                      Level
   Freezing Aura                      Charms/Ice                   2
   Ensorcelled Hibernation            Hexes/Ice                    2
   Ozocubu's Refrigeration            Ice                          6
   Bolt of Cold                       Conjuration/Ice              6
   Freezing Cloud                     Conjuration/Ice/Air          6
   Metabolic Englaciation             Hexes/Ice                    6
   Simulacrum                         Ice/Necromancy               6
 x - a book of Air

   Spells                             Type                      Level
   Shock                              Conjuration/Air              1
   *Swiftness                         Charms/Air                   2
   *Repel Missiles                    Charms/Air                   2
   *Flight                            Charms/Air                   3
   Static Discharge                   Conjuration/Air              3
   Lightning Bolt                     Conjuration/Air              5
 D - a book of Callings

   Spells                             Type                      Level
   Summon Small Mammal                Summoning                    1
   Call Imp                           Summoning                    2
   Call Canine Familiar               Summoning                    3
   Summon Scorpions                   Summoning/Poison             4
   Summon Ice Beast                   Ice/Summoning                4
 E - the Tome of Virous Summoning
   (You found it in a labyrinth)

   Spells                             Type                      Level
   Call Imp                           Summoning                    2
   Poison Weapon                      Charms/Poison                3
   Recall                             Summoning/Translocation      3
   Call Canine Familiar               Summoning                    3
   Spider Form                        Transmutation/Poison         3
   Summon Ice Beast                   Ice/Summoning                4


   Skills:
 * Level 8.2 Fighting
 + Level 7.7 Dodging
 + Level 7.2 Stealth
 * Level 10.1 Unarmed Combat
 - Level 3.0 Spellcasting
 - Level 4.0 Charms
 - Level 4.0 Air Magic
 + Level 6.2 Invocations


You had 8 spell levels left.
You knew the following spells:

 Your Spells              Type           Power        Failure   Level  Hunger
a - Swiftness             Chrm/Air       ##........   8%          2    ##.....
b - Repel Missiles        Chrm/Air       ##........   8%          2    ##.....
c - Flight                Chrm/Air       ##........   14%         3    ###....


Dungeon Overview and Level Annotations

Branches:
Dungeon (10/27)            Temple (1/1) D:6             Orc (0/4) D:6
   Lair (5/8) D:10         Spider (0/5) Lair:4
  Swamp: Lair:3-6    Shoals: Lair:3-6     Snake: Lair:3-6

Altars:
Ashenzari
Cheibriados
Elyvilon
Fedhas
Makhleb
Nemelex Xobeh
Okawaru
Trog
Xom
Yredelemnul
Zin
the Shining One

Annotations:
D:2 Terence
D:9 Psyche; Turgon's ghost, experienced TrWz
Lair:3 Erica


Innate Abilities, Weirdness & Mutations

You cannot wear armour.
You are incapable of any advanced item manipulation.
Your paws have sharp claws.
You have razor-sharp teeth.
You have supernaturally acute eyesight.
You are carnivorous and can eat meat at any time.
You cover ground quickly.
You are covered in thick fur (AC +2).
You have a slow metabolism.
You have a pair of small antennae on your head.
Your body is slowly deteriorating.
Your magical capacity is low (-10% MP).


Message History

Cast which spell? (? or * to list)
You feel quick. The giant frog hits you. The giant frog completely misses you.
The giant frog is no longer bleeding.
You barely miss the black mamba. You claw the black mamba!
The black mamba is moderately wounded.
The black mamba bites you.
* * * LOW HITPOINT WARNING * * *
The giant frog misses you. The black mamba misses you.
You claw the black mamba!
The black mamba begins to bleed from its wounds!
You bite the black mamba.
The black mamba is heavily wounded.
The giant frog hits you.
* * * LOW HITPOINT WARNING * * *
The black mamba bites you.
* * * LOW HITPOINT WARNING * * *
You claw the black mamba! Your bite misses the black mamba.
The black mamba is severely wounded.
The bat misses you. The black mamba bites you!
You die...

...... ../.. .......
........... ......P
............. .......
..#...........#.
............#.........[.#
..................(.....#
.........................
......................####
................@........#
.#.............bSF......##
.........................#
.............##......>..##
.............#.....j....#
................@.......#
..r... .#.#..........###
..... .#.#..........# ..
#.#....#.j...#


You could see an agate snail, Erica (invisible), a black mamba (bleeding), a
giant frog and a bat.

Vanquished Creatures
  Pikel (D:4)
  Maurice (D:8)
  A feature mimic (Lair:5)
  5 blink frogs (Lair:3)
  A wyvern (D:10)
  2 yaks (Lair:2)
  2 hippogriffs
  Menkaure (D:7)
  An orc warrior (D:7)
  2 sky beasts
  A phantom (D:8)
  A slave (D:4)
  An ogre (D:4)
  A centaur (D:6)
  4 crocodiles
  A giant slug (Lair:1)
  6 giant frogs
  3 water moccasins
  Blork the orc (D:8)
  A wight (D:8)
  A goliath beetle (D:7)
  4 crimson imps
  2 orc priests (D:6)
  A quasit (D:10)
  A scorpion (D:5)
  8 hounds
  An iguana (D:5)
  4 worker ants
  An ogre zombie (D:6)
  4 sheep (Lair:1)
  An ogre skeleton (D:4)
  A mummy (D:10)
  A gnoll (D:6)
  13 adders
  16 green rats
  4 worms
  2 giant eyeballs
  6 giant geckos
  3 oozes
  10 orcs
  3 ball pythons
  5 giant cockroaches
  17 hobgoblins
  18 jackals
  4 quokkas
  16 bats
  4 giant newts
  6 goblins
  A hobgoblin skeleton (D:4)
  13 kobolds
  16 rats
  A ballistomycete (D:5)
  A plant (D:10)
226 creatures vanquished.

Vanquished Creatures (others)
  A minotaur (Lab)
  A hydra (Lair:5)
  A catoblepas (Lair:5)
  A black mamba (Lair:4)
  3 fire drakes
  2 yaks (Lair:2)
  3 porcupines
  2 worker ants (D:4)
  2 giant spores
  A ballistomycete (D:7)
17 creatures vanquished.

Grand Total: 243 creatures vanquished

Notes
Turn   | Place    | Note
--------------------------------------------------------------
     0 | Abyss:1  | RegenMR, the Felid Abyssal Knight, began the quest for the Orb.
     0 | Abyss:1  | Reached XP level 1. HP: 9/9 MP: 2/2
    38 | Abyss:1  | Noticed a smoke demon
    39 | Abyss:1  | Noticed a thrashing horror
    39 | D:1      | Escaped the Abyss
   173 | D:1      | Acquired Lugonu's first power
   213 | D:1      | Reached XP level 2. HP: 2/13 MP: 3/3
   833 | D:2      | Reached XP level 3. HP: 16/16 MP: 5/5
   883 | D:2      | Noticed Terence
  1119 | D:2      | Acquired Lugonu's second power
  1477 | D:2      | Reached skill level 4 in Unarmed Combat
  1630 | D:3      | Reached XP level 4. HP: 11/20 MP: 8/8
  2334 | D:3      | Found a glowing silver altar of Zin.
  2336 | D:3      | Found an iron altar of Okawaru.
  2523 | D:4      | Acquired Lugonu's third power
  2603 | D:4      | Noticed a slave
  2603 | D:4      | Noticed a slave
  2603 | D:4      | Noticed a slave
  2604 | D:4      | Noticed Pikel
  2605 | D:4      | Noticed a slave
  2611 | D:4      | Noticed an ogre
  2633 | D:4      | Killed a slave
  2643 | D:4      | Killed Pikel
  2643 | D:4      | Reached skill level 6 in Unarmed Combat
  2643 | D:4      | Reached skill level 5 in Invocations
  2643 | D:4      | Reached XP level 5. HP: 16/23 MP: 8/12
  2643 | D:4      | Gained mutation: You are covered in thick fur (AC +2). [growing up]
  2643 | D:4      | Reached XP level 6. HP: 18/27 MP: 10/15
  2643 | D:4      | Reached XP level 7. HP: 20/30 MP: 11/17
  2663 | D:4      | Killed an ogre
  2663 | D:4      | Reached skill level 1 in Stealth
  2765 | D:4      | Found a shimmering altar of Xom.
  2785 | D:4      | Gained mutation: You have a pair of small antennae on your head. [potion of mutation]
  2785 | D:4      | Gained mutation: Your magical capacity is low (-10% MP). [potion of mutation]
  2785 | D:4      | Gained mutation: Your body is slowly deteriorating. [potion of mutation]
  3028 | D:5      | Entered Level 5 of the Dungeon
  3605 | D:5      | Reached XP level 8. HP: 24/35 MP: 16/16
  3809 | D:6      | Reached skill level 7 in Unarmed Combat
  3857 | D:6      | Acquired Lugonu's fourth power
  3870 | D:6      | Found a staircase to the Ecumenical Temple.
  3986 | Temple   | Entered the Ecumenical Temple
  4228 | D:6      | Found a staircase to the Orcish Mines.
  4279 | D:6      | Killed from afar by an orc priest
  4280 | D:6      | Reached XP level 7. HP: -5/31 MP: 15/15
  4308 | D:6      | Reached skill level 5 in Fighting
  4488 | D:6      | Reached skill level 5 in Dodging
  4516 | D:6      | HP: 1/31 [gnoll/whip (9)]
  4781 | D:6      | Found a sparkling altar of Nemelex Xobeh.
  5057 | D:7      | Noticed Menkaure
  5110 | D:7      | Reached XP level 8. HP: 31/36 MP: 16/16
  5547 | D:8      | Slain by a phantom
  5548 | D:8      | Reached XP level 7. HP: 0/31 MP: 15/15
  5609 | D:8      | Acquired Lugonu's fifth power
  5720 | D:8      | Noticed Maurice
  5940 | D:8      | Killed Maurice
  5940 | D:8      | Reached skill level 5 in Stealth
  5940 | D:8      | Reached skill level 8 in Unarmed Combat
  5940 | D:8      | Reached XP level 8. HP: 36/36 MP: 16/16
  5963 | D:7      | Killed Menkaure
  5971 | D:8      | Found a burning altar of Makhleb.
  5971 | D:8      | Noticed Blork the orc
  6096 | D:8      | Killed Blork the orc
  6343 | D:8      | Found a basalt altar of Yredelemnul.
  6493 | D:9      | Noticed Psyche
  6522 | D:9      | Noticed Turgon's ghost (experienced TrWz)
  6603 | D:10     | Entered Level 10 of the Dungeon
  6661 | D:10     | Found a staircase to the Lair.
  6739 | D:10     | Noticed a cyclops
  6846 | D:10     | Noticed an unseen horror
  6847 | D:10     | Noticed a two-headed ogre
  6990 | Lair:1   | Entered Level 1 of the Lair of Beasts
  7051 | Lair:1   | Learned a level 2 spell: Swiftness
  7054 | Lair:1   | Learned a level 2 spell: Repel Missiles
  7058 | Lair:1   | Learned a level 3 spell: Flight
  7138 | Lair:2   | Noticed a spiny frog
  7195 | Lair:1   | Reached skill level 1 in Air Magic
  7195 | Lair:1   | Reached XP level 9. HP: 28/40 MP: 18/18
  7197 | Lair:1   | Noticed a komodo dragon
  7358 | Lair:2   | Reached skill level 1 in Charms
  7560 | Lair:1   | Reached skill level 1 in Spellcasting
  7664 | Lair:1   | Noticed a spiny frog
  7933 | Lair:2   | HP: 1/40 [yak (11)]
  7946 | Lair:2   | Noticed a fire drake
  8330 | Lair:2   | Noticed a komodo dragon
  8379 | Lair:2   | Banished a fire drake
  8448 | Lair:2   | Noticed a fire drake
  8627 | Lair:2   | Banished a fire drake
  9238 | Lair:3   | Reached skill level 9 in Unarmed Combat
  9240 | Lair:3   | Reached XP level 10. HP: 16/44 MP: 19/19
  9359 | Lair:4   | Found a labyrinth entrance.
  9360 | Lair:4   | Noticed a black mamba
  9363 | Lair:4   | Banished a black mamba
  9378 | Lab      | Entered a labyrinth
 11082 | Lab      | scroll RETUETUKAQ
 12593 | Lab      | Noticed a minotaur
 12613 | Lab      | Slain by a minotaur
 12614 | Lab      | Reached XP level 9. HP: 0/40 MP: 18/18
 12786 | Lab      | Banished a minotaur
 12803 | Lab      | Identified the Tome of Virous Summoning (You found it in a labyrinth)
 12963 | Lair:5   | Killed a door mimic
 13019 | Lair:5   | Noticed a four-headed hydra
 13141 | Lair:4   | Found a hole to the Spider Nest.
 13349 | Lair:5   | Noticed a six-headed hydra
 13407 | Lair:5   | Banished a six-headed hydra
 13407 | Lair:5   | Reached skill level 10 in Unarmed Combat
 13461 | Lair:5   | Reached XP level 10. HP: 43/45 MP: 20/20
 13573 | Lair:5   | Noticed a catoblepas
 13583 | Lair:5   | Banished a catoblepas
 13610 | Lair:5   | Noticed a fire drake
 13620 | Lair:5   | Banished a fire drake
 13711 | Lair:3   | Noticed Erica
 13715 | Lair:3   | Noticed a black mamba
 13726 | Lair:3   | Slain by a black mamba

Action                   |  1- 3 |  4- 6 |  7- 9 | 10-12 || total
-------------------------+-------+-------+-------+-------++-------
Melee: Unarmed           |   150 |    66 |   699 |    72 ||   987
 Cast: Swiftness         |       |       |       |     1 ||     1
Invok: Depart the Abyss  |     1 |       |       |       ||     1
       Banish            |       |       |    10 |     7 ||    17
       Bend Space        |       |       |     1 |       ||     1
  Use: Scroll            |       |     4 |     8 |       ||    12
       Potion            |       |     2 |     7 |     4 ||    13
 Stab: Sleeping          |     2 |     1 |    31 |     2 ||    36
       Invisible         |       |       |     7 |     3 ||    10
